 Dungeon Crawl Stone Soup version 0.16.2-2-g470672f (webtiles) character file.

102 Charly the Chopper (level 4, 0/41 HPs)
             Began as a Hill Orc Berserker on Sept 1, 2015.
             Was a Believer of Trog.
             Slain by an orc priest
             ... wielding a +0 hand axe
              (6 damage)
             ... on level 3 of the Dungeon.
             The game lasted 00:07:15 (621 turns).

Charly the Chopper (Hill Orc Berserker)              Turns: 621, Time: 00:07:15

Health: 0/41       AC: 14    Str: 20    XL:     4   Next: 77%
Magic:  4/4        EV: 10    Int:  7    God:    Trog [**....]
Gold:   131        SH:  0    Dex: 10    Spells: 0 memorised, 3 levels left

rFire  + . .     SeeInvis +     a - +0 hand axe
rCold  + . .     Clarity  .     n - +3 scale mail {rC+}
rNeg   . . .     SustAb   .     (no shield)
rPois  .         Gourm    .     q - +0 helmet
rElec  .         Spirit   .     (no cloak)
rCorr  .         Warding  .     (no gloves)
rMut   .         Stasis   .     (no boots)
MR     .....                    (no amulet)
Stlth  ..........               (no ring)
                                (no ring)

@: not resistant to hostile enchantments, extremely unstealthy
A: iridescent scales 1, see invisible, fire resistance 1
a: Burn Spellbooks, Berserk, Trog's Hand, Renounce Religion, Convert to Beogh


You were on level 3 of the Dungeon.
You worshipped Trog.
Trog was pleased with you.
You were very hungry.

You visited 1 branch of the dungeon, and saw 3 of its levels.

You collected 131 gold pieces.

Inventory:

Hand weapons
 a - a +0 hand axe (weapon)
 l - a +0 blowgun
Missiles
 d - 8 poisoned tomahawks (quivered)
 m - 12 poisoned needles
Armour
 b - a +0 animal skin
 n - a +3 scale mail of cold resistance (worn)
 q - a +0 helmet (worn)
Magical devices
 j - a wand of confusion (25)
Scrolls
 e - 2 scrolls of recharging {unknown}
 f - a scroll of enchant weapon {unknown}
 g - a scroll of identify
 i - a scroll of remove curse {unknown}
 k - 2 scrolls of amnesia {unknown}
 o - a scroll of random uselessness {unknown}
 p - a scroll of teleportation {unknown}
 r - a scroll of immolation {unknown}
Potions
 h - a potion of haste
Comestibles
 c - a meat ration


   Skills:
 + Level 4.7 Fighting
 * Level 6.2 Axes
 - Level 2.1 Armour
 - Level 1.5 Dodging


You had 3 spell levels left.
You didn't know any spells.

Dungeon Overview and Level Annotations

Branches:
Dungeon (3/15)

Altars:
Ru
The Shining One


Innate Abilities, Weirdness & Mutations

You are partially covered in iridescent scales (AC +4).
You have supernaturally acute eyesight.
Your flesh is heat resistant.


Message History

The orc priest shouts, "Beogh is our master!
Accept the truth or die!"
The orc priest is heavily wounded.
The orc priest barely misses you.
You closely miss the orc priest.
The orc priest is heavily wounded.
The orc priest calls down the wrath of Beogh upon you.
Something smites you!
* * * LOW HITPOINT WARNING * * *
You closely miss the orc priest.
The orc priest threatens, "By the altar or by the axe, you will meet Beogh!"
The orc priest is heavily wounded.
The orc priest threatens, "By the altar or by the axe, you will meet Beogh!"
The orc priest hits you but does no damage.
You hit the orc priest but do no damage.
The orc priest is heavily wounded.
The orc priest misses you.
You hit the orc priest.
The orc priest is almost dead.
The orc priest hits you with a hand axe.
You die...

##.# #.. #.# ##.## #
##...#.###
#######...).o..#
#########.(......).#.#.#
#.......#.#####o#.##
#.......#.#####@###
##.....<........).#
((................#
##.......###..#...#
##.#####.# #.(....#
##.......###.#..#.#
##### ###.).##..#.# #
########........## #
#..........#.##..####


You could see an orc priest.

Vanquished Creatures
  An orc priest (D:3)
  An orc wizard (D:3)
  A giant mite (D:2)
  9 orcs (D:3)
  2 bats
  2 hobgoblins (D:2)
  2 jackals (D:3)
  A quokka (D:3)
  A ball python (D:2)
  2 giant cockroaches
  A giant newt (D:2)
  3 goblins (D:3)
  4 kobolds
  2 rats (D:1)
32 creatures vanquished.

Notes
Turn   | Place    | Note
--------------------------------------------------------------
     0 | D:1      | Charly, the Hill Orc Berserker, began the quest for the Orb.
     0 | D:1      | Reached XP level 1. HP: 19/19 MP: 1/1
   205 | D:2      | Gained mutation: You have supernaturally acute eyesight. [potion of mutation]
   205 | D:2      | Gained mutation: You are partially covered in iridescent scales (AC +4). [potion of mutation]
   205 | D:2      | Gained mutation: Your flesh is heat resistant. [potion of mutation]
   271 | D:3      | Reached XP level 2. HP: 20/27 MP: 2/2
   289 | D:3      | Found a glowing golden altar of the Shining One.
   326 | D:3      | Found a sacrificial altar of Ru.
   327 | D:3      | Noticed an orc wizard
   332 | D:3      | Killed an orc wizard
   332 | D:3      | Reached skill level 5 in Axes
   332 | D:3      | Reached XP level 3. HP: 33/33 MP: 3/3
   351 | D:3      | Noticed an orc priest
   371 | D:3      | Killed an orc priest
   371 | D:3      | Reached XP level 4. HP: 16/41 MP: 4/4
   371 | D:3      | Acquired Trog's second power
   494 | D:2      | Reached skill level 6 in Axes
   602 | D:3      | Noticed an orc priest
   621 | D:3      | Slain by an orc priest

Action                   |  1- 3 |  4- 6 || total
-------------------------+-------+-------++-------
Melee: Hand axe          |    52 |    38 ||    90
Invok: Berserk           |     2 |       ||     2
  Use: Scroll            |     2 |       ||     2
       Potion            |     1 |       ||     1
 Stab: Paralysed         |     1 |       ||     1
